AoeStats
← Sir_kamadan

Arabia

508124131Analyzed
1v1 RM · 13d ago on Sep 21, 2026· 41m 43s· 2 players
Game mode
Random Map
Map size
Tiny (2 player)
Population
200
Speed
Normal
Resources
Standard
Victory
Conquest
Starting age
Dark Age
Ending age
Imperial Age
RankedLock teamsTeams togetherTeam positionsShared explorationLock speedFull tech treeHidden civsTurbo modeCheats
Victory
Defeat
🇦🇷 Mongols · Argentina
976
+14
🇬🇧 Bulgarians · United Kingdom
932
-14
Sir_kamadan
11:09 Feudal Age
9:27 Loom
13:35 Double-Bit Axe
13:34 Horse Collar
20:10 Castle Age
20:26 Fletching
22:30 Bodkin Arrow
22:39 Padded Archer Armor
23:42 Leather Archer Armor
23:36 Thumb Ring
27:40 Elite Skirmisher
30:34 Gold Mining
33:10 Bloodlines
34:40 Wheelbarrow
34:34 Husbandry
35:13 Scale Barding Armor
35:19 Forging
39:34 Imperial Age
36:53 Town Watch
danigomezrinaldi
10:07 Loom
12:33 Feudal Age
17:02 Castle Age
15:01 Double-Bit Axe
15:28 Horse Collar
16:03 Gold Mining
18:05 Bow Saw
18:55 Heavy Plow
28:59 Wheelbarrow
31:19 Imperial Age
30:01 Scale Barding Armor
30:06 Forging
30:54 Bloodlines
30:45 Husbandry
31:07 Chain Barding Armor
31:02 Stone Mining
33:06 Hand Cart
32:14 Cavalier
32:29 Pikeman
34:13 Conscription
35:30 Capped Ram
36:58 Iron Casting
36:25 Town Watch
38:06 Siege Ram
39:11 Drill
Connection lost

Rejoining the realm…

Still unreachable

The connection could not be restored.

Session expired

The server has moved on; the page needs a fresh start.